 Dungeon Crawl Stone Soup version 0.32-a0-136-gc02482bde3 (webtiles) character file.

Game seed: 15584629724941433711

21 Ceno the Ruffian (level 2, -1/18 HPs)
             Began as an Octopode Shapeshifter on Feb 10, 2024.
             Slain by Sigmund
             ... wielding a +0 scythe
              (7 damage)
             ... on level 2 of the Dungeon.
             The game lasted 00:01:44 (1106 turns).

Ceno the Ruffian (Octopode Shapeshifter)            Turns: 1106, Time: 00:01:45

Health: -1/18      AC:  1    Str: 13    XL:     2   Next: 87%
Magic:  2/2        EV: 13    Int: 12    God:
Gold:   77         SH:  0    Dex: 11    Spells: 1/1 levels left

rFire   . .          .
                       - Unarmed
rCold   . . .        (no shield)
rNeg    . . .        (helmet currently unavailable)
rPois   .            (no amulet)
rElec   .            (no ring)
rCorr   .            (no ring)
SInv    .            (no ring)
Will    .....        (no ring)
Stlth   +++          (no ring)
HPRegen 0.23/turn    (no ring)
MPRegen 0.08/turn    (no ring)
                     (no ring)

%: no passive effects
@: beast-form
A: beast (slay +1), almost no armour, amphibious, 8 rings, camouflage 1,
gelatinous body 1, (nimble swimmer 1), tentacles
a: Begin Untransformation


You were on level 2 of the Dungeon.
You were a hulking beast.
You visited 1 branch of the dungeon, and saw 2 of its levels.

You collected 77 gold pieces.

Inventory:

Missiles
 h - 5 stones (quivered)
Jewellery
 f - an amulet of faith
Talismans
 b - a beast talisman
 c - a flux talisman
Scrolls
 d - a scroll of vulnerability {unknown}
 g - a scroll of revelation {unknown}
Potions
 a - a potion of lignification
 e - a potion of curing {unknown}
 i - a potion of heal wounds {unknown}


   Skills:
 - Level 1.0 Fighting
 - Level 2.0 Dodging
 + Level 1.5 Stealth
 * Level 3.5 Unarmed Combat
 + Level 3.2 Shapeshifting


You had one spell level left.
You didn't know any spells.
Your spell library was empty.

Dungeon Overview and Level Annotations

Branches:
Dungeon (2/15)

Altars:

Annotations:
D:2 Sigmund


Innate Abilities, Weirdness & Mutations

You are a hulking beast.
Your limbs bulge with bestial killing power. (Slay +1)
You cannot wear most types of armour.
You are amphibious.
You can wear up to eight rings at the same time.
Your skin changes colour to match your surroundings (Stealth+).
Your rubbery body absorbs attacks. (AC +1, EV +1)
((You are camouflaged when in or above water. (Stealth+)))
You have tentacles for arms and can constrict up to eight enemies at once.


Message History

The kobold hits you with a +0 dagger.
The rat squeaks loudly.
You tentacle-slap the kobold.
You kill the kobold!
You see here a +0 dagger.
You bludgeon the rat!
You kill the rat!
You now have 77 gold pieces (gained 15).
Found a scroll labelled DECOODUELL.
Sigmund the Dreaded comes into view.
He is wielding a +0 scythe and carrying a wand of polymorph.
Sigmund shouts!
A bat comes into view.
The bat moves out of view.
Sigmund is nearby!
Sigmund zaps a wand.
Your transformation has ended.
You turn into a tree.
Your roots penetrate the ground.
You cannot move.
You cannot move.
Sigmund points at you and mumbles some strange words.
You resist with significant effort.
Okay, then.
Sigmund hits you but does no damage.
Your transformation is almost over.
Sigmund hits you from afar with a +0 scythe.
Sigmund hits you but does no damage. Sigmund hits you but does no damage.
Sigmund hits you from afar with a +0 scythe.
Sigmund hits you but does no damage. Sigmund hits you but does no damage.
You feel less wooden.
You turn into a hulking beast.
Sigmund closely misses you.
Sigmund gestures wildly while chanting.
Sigmund flickers and vanishes!
Deactivating autopickup; reactivate with Ctrl-A.
You tentacle-slap something but do no damage.
Something hits you.
You tentacle-slap something. You tentacle-slap something.
You squeeze something! Something hits you!
You die...

..................#
..#####....##.....# ..#
#..###......# ###
###..###......#
#.....##..#.#.#
#........##.#.# ####
#†.....#.##...####...# .
####<.......#...........##..
##..........##..h...........#
...#..##...###..{.........#
##.......### #............#
#.....### #.......)...##
#.....#######.......†...#
#......# ................#
#.................####...#
#..###..#.#..###..# .### #..#
#..# #..#.#..# .#


There were no monsters in sight!

Vanquished Creatures
  An adder (D:2)
  A bat (D:1)
  2 endoplasms
  3 giant cockroaches
  A quokka (D:1)
  2 ball pythons (D:1)
  A kobold (D:2)
  A rat (D:2)
12 creatures vanquished.

Notes
Turn   | Place    | Note
-------+----------+-------------------------------------------
     0 | D:1      | Ceno the Octopode Shapeshifter began the quest for the Orb.
     0 | D:1      | Reached XP level 1. HP: 13/13 MP: 1/1
   976 | D:1      | Reached XP level 2. HP: 18/18 MP: 2/2
   979 | D:2      | Reached skill level 1 in Stealth
  1073 | D:2      | Noticed Sigmund
  1106 | D:2      | Slain by Sigmund

Illustrated notes

Levels and vault maps discovered:
D:1:      lightli_arrival_flooded_house, layout_loops_corners,
          chequers_serial_rivers_micro_b, hex_medium, solitary_fountain,
          chequers_serial_rivers_small_b
D:2:      layout_rooms, minmay_misc_feat_nine_boxes, uniq_sigmund

Skill      XL: |  1  2 |
---------------+-------+-----
Stealth        | 1 |  1.5
Fighting       | |  1.0
Dodging        | |  2.0
Unarmed Combat | |  3.5
Shapeshifting  | |  3.2

Action                     || total
---------------------------++-------
  Melee: Unarmed           ||    22
         Constrict         ||     5
         Tentacles         ||     3
         Punch             ||     1
  Throw: Stone             ||     1
   Stab: Sleeping          ||     2
 Armour: Skin              ||    13
  Dodge: Dodged            ||    12

Table legend: (Time is in decaauts)
 A = Elapsed time spent in this place.
 B = Non-inter-level travel time spent in this place.
 C = Inter-level travel time spent in this place.
 D = Time resting spent in this place.
 E = Time spent auto-exploring this place.
 F = Levels seen in this place.
 G = Mean time per level.
                   A        B        C        D        E       F      G
               +--------+--------+--------+--------+--------+-----+--------+
         Total |   1105 |   1095 |     10 |      0 |    914 |   2 |  552.5 |
       Dungeon |   1105 |   1095 |     10 |      0 |    914 |   2 |  552.5 |
               +--------+--------+--------+--------+--------+-----+--------+

Top non-repeatable levels by time:
     D:1: 962 daAuts
     D:2: 143 daAuts
